 Dungeon Crawl Stone Soup version 0.31.0-12-g77e489cdc1 (webtiles) character file.

Game seed: 13828089006769786070

121453 James the Brawler (level 16, -10/130 (136) HPs)
             Began as an Octopode Shapeshifter on Feb 29, 2024.
             Was a High Priest of Elyvilon.
             Mangled by a pharaoh ant (18 damage)
             ... on level 1 of the Spider Nest.
             The game lasted 01:46:33 (29108 turns).

James the Brawler (Octopode Shapeshifter)          Turns: 29108, Time: 01:46:34

HP:   -10/130 (136) AC: 11    Str: 30    XL:     16   Next: 85%
MP:   22/26         EV: 17    Int: 13    God:    Elyvilon [*****.]
Gold: 2387          SH:  0    Dex: 19    Spells: 15/15 levels left

rFire   + +          .
                       - Unarmed
rCold   + . .        (shield currently unavailable)
rNeg    . . .        (helmet currently unavailable)
rPois   +            e - amulet of regeneration
rElec   +            z - ring of see invisible
rCorr   +            G - ring of resist corrosion
SInv    +            i - ring of protection from fire
Will    .....        Q - ring of Utitast {rElec rF++ Will- Str+6 Stlth+}
Stlth   ++++++       R - +6 ring of dexterity
HPRegen 1.21/turn    H - ring of ice
MPRegen 0.20/turn    (no ring)
                     (no ring)

%: no passive effects
@: snake-form, slowed, lightly drained, very slow
A: constrict, boosted hp, almost no armour, amphibious, 8 rings, large,
(camouflage 1), (gelatinous body 1), (nimble swimmer 1), (tentacles)
a: Begin Untransformation, Renounce Religion, Purification, Heal Other, Heal
Self, Divine Vigour


You were on level 1 of the Spider Nest.
You worshipped Elyvilon.
Elyvilon was extremely pleased with you.
You were an enormous serpent.
You visited 6 branches of the dungeon, and saw 27 of its levels.

You collected 2387 gold pieces.

Inventory:

Hand Weapons
 c - a +1 short sword of electrocution
   (You took it off a spriggan on level 5 of the Lair of Beasts)
 q - a +2 trident of venom
   (You took it off an orc warrior on level 10 of the Dungeon)
 N - a +0 sling
   (You took it off an orc on level 7 of the Dungeon)
Missiles
 d - 20 boomerangs
 o - 12 javelins
 K - a throwing net (quivered) {!f}
 W - 3 curare-tipped darts {!f}
 X - 19 poisoned darts
Jewellery
 e - an amulet of regeneration (around neck)
   (You found it on level 1 of the Dungeon)
 f - an amulet of guardian spirit
   (You found it on level 5 of the Lair of Beasts)
 i - a ring of protection from fire (on tentacle)
   (You found it on level 9 of the Dungeon)
 z - a ring of see invisible (left tentacle)
   (You found it on level 6 of the Dungeon)
 E - a ring of fire
   (You found it on level 6 of the Dungeon)
 G - a ring of resist corrosion (right tentacle)
   (You took it off a wight on level 7 of the Dungeon)
 H - a ring of ice (on tentacle)
   (You found it on level 3 of the Swamp)
 P - an amulet of the acrobat
   (You found it on level 3 of the Swamp)
 Q - the ring of Utitast (on tentacle) {rElec rF++ Will- Str+6 Stlth+}
   (You acquired it on level 2 of the Lair of Beasts)

   [ring of strength]

   Str+6:     It affects your strength (+6).
   rF++:      It greatly protects you from fire.
   rElec:     It insulates you from electricity.
   Will-:     It decreases your willpower.
   Stlth+:    It makes you more stealthy.
 R - a +6 ring of dexterity (on tentacle)
   (You found it on level 4 of the Lair of Beasts)
 U - an amulet of reflection
   (You found it on level 3 of the Dungeon)
Talismans
 w - a serpent talisman (active)
   (You found it on level 3 of the Dungeon)
Wands
 h - a wand of quicksilver (9)
   (You found it on level 10 of the Dungeon)
 t - a wand of flame (39)
   (You took it off an orc on level 6 of the Dungeon)
 u - a wand of paralysis (41)
   (You found it on level 8 of the Dungeon)
 v - a wand of digging (14)
   (You found it on level 2 of the Swamp)
 y - a wand of roots (21)
   (You found it on level 3 of the Dungeon)
 B - a wand of mindburst (5)
   (You found it on level 12 of the Dungeon)
 Z - a wand of polymorph (5)
   (You took it off an orc on level 10 of the Dungeon)
Scrolls
 j - 3 scrolls of brand weapon
 m - 3 scrolls of vulnerability {!r}
 p - 3 scrolls of poison {!r}
 A - 2 scrolls of revelation
 D - 9 scrolls of teleportation {@r4}
 I - 4 scrolls of enchant weapon
 J - a scroll of immolation {!r}
 L - 3 scrolls of fear
 M - a scroll of fog
 S - a scroll of summoning
 V - 6 scrolls of enchant armour
 Y - 5 scrolls of identify {@r1}
Potions
 a - 7 potions of lignification {!q}
 b - 2 potions of enlightenment
 g - 4 potions of resistance
 k - a potion of invisibility
 n - 5 potions of mutation {!q}
 r - 3 potions of cancellation
 s - 2 potions of heal wounds {@q2}
 x - 2 potions of might
 C - 2 potions of magic
 F - 8 potions of curing {@q1}
 O - 2 potions of brilliance
 T - 12 potions of ambrosia


   Skills:
 - Level 12.0 Fighting
 - Level 12.0 Dodging
 - Level 10.0 Stealth
 + Level 15.9 Unarmed Combat
 - Level 14.0 Invocations
 - Level 13.0 Shapeshifting


You had 15 spell levels left.
You didn't know any spells.
Your spell library contained the following spells:

 Spells                   Type           Power      Damage    Failure   Level
 Kiss of Death            Conj/Necr      0%         2d5       30%         1
 Blink                    Tloc           0%         N/A       43%         2
 Lesser Beckoning         Tloc           0%         N/A       43%         2
 Mercury Vapours          Alch/Air       0%         N/A       43%         2
 Momentum Strike          Conj/Tloc      0%         3d8       43%         2
 Confusing Touch          Hex            0%         N/A       67%         3
 Fugue of the Fallen      Necr           0%         N/A       67%         3
 Inner Flame              Hex/Fire       0%         N/A       67%         3
 Mephitic Cloud           Conj/Alch/Air  0%         N/A       67%         3
 Ozocubu's Armour         Ice            0%         N/A       67%         3
 Volatile Blastmotes      Fire/Tloc      0%         2d10      67%         3
 Dispel Undead            Necr           0%         3d6       97%         4
 Flame Wave               Conj/Fire      0%         2d4       97%         4
 Fulminant Prism          Conj/Alch      0%         3d5       97%         4
 Iskenderun's Mystic Bla  Conj/Tloc      0%         2d3       97%         4
 Manifold Assault         Tloc           0%         N/A       97%         4
 Sticky Flame             Fire/Alch      0%         2d4       97%         4
 Vhi's Electric Charge    Tloc/Air       0%         N/A       97%         4
 Arcjolt                  Conj/Air       0%         1d10      100%        5
 Freezing Cloud           Conj/Ice/Air   0%         6-21      100%        5
 Plasma Beam              Fire/Air       0%         2x1d10    100%        6


Dungeon Overview and Level Annotations

Branches:
Dungeon (15/15)            Temple (1/1) D:5            Lair (5/5) D:8
  Swamp (3/4) Lair:3       Spider (1/4) Lair:2        Slime (0/5) Lair:5
    Orc (2/2) D:10            Elf (0/3) Orc:2        Vaults (0/5) D:13
 Depths (0/4) D:15

Altars:
Ashenzari
Cheibriados
Dithmenos
Elyvilon
Fedhas
Gozag
Hepliaklqana
Kikubaaqudgha
Makhleb
Nemelex Xobeh
Okawaru
Qazlal
Ru
Sif Muna
Trog
Uskayaw
Vehumet
Wu Jian
Xom
Yredelemnul
Zin
The Shining One
Jiyva

Shops:
D:3 *   D:7 *   D:9 *?   D:10 *(   D:14 :   Orc:2 [!!:

Annotations:
D:10 Sonja
D:11 Erolcha
D:14 2 transporters


Innate Abilities, Weirdness & Mutations

You are an enormous serpent.
You have a powerful constriction melee attack.
Your maximum health is increased.
Your armour is entirely melded.
You are incapable of wielding weapons or throwing items.
You cannot wear most types of armour.
You are amphibious.
You can wear up to eight rings at the same time.
((Your skin changes colour to match your surroundings (Stealth+).))
((Your rubbery body absorbs attacks. (AC +1, EV +1)))
((You are camouflaged when in or above water. (Stealth+)))
((You have tentacles for arms and can constrict up to eight enemies at once.))


Message History

* * * LOW HITPOINT WARNING * * *
The spark wasp attacks as it pursues you!
The spark wasp stings you!!
* * * LOW HITPOINT WARNING * * *
The spark wasp shocks you. You resist.
* * * LOW HITPOINT WARNING * * *
The tarantella barely misses you. The spark wasp stings you!!
* * * LOW HITPOINT WARNING * * *
The spark wasp shocks you. You resist.
* * * LOW HITPOINT WARNING * * *
The tarantella misses you.
Unknown command.
Blink to where?
Press: ? - help, Dir - move target
As you read the scroll of blinking, it crumbles to dust.
The spark wasp bursts into living lightning!
The living lightning hits you. You resist.
* * * LOW HITPOINT WARNING * * *
The spark wasp blinks!
You closely miss the spark wasp. You grab the spark wasp.
You constrict the spark wasp. The spark wasp completely misses you.
You hit the spark wasp but do no damage.
You constrict the spark wasp. The spark wasp stings you.
* * * LOW HITPOINT WARNING * * *
The spark wasp shocks you. You resist.
* * * LOW HITPOINT WARNING * * *
The pharaoh ant bites you.
* * * LOW HITPOINT WARNING * * *
The spark wasp stings you!! Elyvilon protects you from harm!
The spark wasp shocks you. You resist. Elyvilon protects you from harm!
You are healed.
You constrict the spark wasp. The pharaoh ant bites you!
* * * LOW HITPOINT WARNING * * *
The spark wasp misses you. The tarantella misses you.
The redback completely misses you. The pharaoh ant barely misses you.
The spark wasp stings you!
* * * LOW HITPOINT WARNING * * *
The spark wasp shocks you. You resist.
* * * LOW HITPOINT WARNING * * *
The tarantella barely misses you. The redback bites you.
Elyvilon protects you from harm!
Unknown command.
You are healed.
You constrict the spark wasp! The pharaoh ant bites you!!
* * * LOW HITPOINT WARNING * * *
You feel drained.
* * * LOW HITPOINT WARNING * * *
The spark wasp misses you. The tarantella closely misses you.
The redback misses you. The pharaoh ant bites you!!
You die...

..............# ..#..
....#........###...#.
....#....^..###.#....
.........#...........
...#....w.s......#
.....##......#..#..
..^.....s........
.......#Bs..#....
.#.....sS#......#
........y.....###
..........#.....#
.......#........#
.#.....<........
..>.....†......##
.....^..#.....##
###############


You could see a spark wasp, a torpor snail, a demonic crawler, a pharaoh ant, 2
tarantellas and a redback.

Vanquished Creatures
  A tentacled monstrosity (Swamp:3)
  A thorn hunter (Swamp:3)
  A fenstrider witch (Swamp:3)
  An orc warlord (Orc:1)
  An ironbound preserver (D:13)
  4 eleionomae
  A bunyip (Swamp:3)
  An ettin (D:10)
  4 hydras
  A great orb of eyes (D:15)
  2 ogre magi (Orc:2)
  A ghost crab (Swamp:2)
  7 alligators
  3 centaur warriors
  An anaconda (Swamp:1)
  5 two-headed ogres
  4 boulder beetles
  5 tengu warriors
  9 death yaks
  Urug (Lair:5)
  An orc high priest (Orc:2)
  Nergalle (Orc:2)
  A cyclops (shapeshifter) (D:15)
  A skyshark (Lair:4)
  3 skeletal warriors (D:15)
  A spriggan druid (Swamp:1)
  5 swamp dragons
  A lindwurm (Lair:4)
  2 bog bodies
  2 orc knights (Orc:2)
  A deep elf pyromancer (D:12)
  2 will-o-the-wisps (Swamp:1)
  9 cyclopes
  2 wolf spiders
  5 ugly things
  9 orc sorcerers (Orc:2)
  5 manticores
  A kobold blastminer (Orc:2)
  18 elephants
  10 black mambas
  3 meliai (D:15)
  3 gargoyles
  9 cane toads
  Joseph (Lair:1)
  4 unseen horrors
  An unseen horror (shapeshifter) (D:15)
  A torpor snail (Spider:1)
  8 komodo dragons
  Jeremiah (D:8)
  A rime drake (Lair:5)
  A rime drake (shapeshifter) (D:15)
  4 yaktaurs
  3 trolls
  A queen bee (Lair:2)
  14 hornets
  A bloated husk (Swamp:1)
  7 tyrant leeches
  7 polar bears
  15 blink frogs
  A tarantella (Spider:1)
  2 raiju (shapeshifter)
  16 slime creatures
  21 spriggans
  A wraith (D:13)
  A jumping spider (Lair:2)
  2 vampires
  5 wyverns
  57 yaks
  2 humans
  3 wargs
  An unseen horror simulacrum (D:9)
  3 basilisks
  4 redbacks
  13 vampire mosquitoes
  7 swamp worms
  5 acid dragons
  19 water moccasins
  Duvessa (D:5)
  20 orc warriors
  2 swamp drakes (Swamp:2)
  A sky beast (D:7)
  2 ice beasts
  2 laughing skulls (D:13)
  8 black bears
  8 ogres
  4 boggarts (Lair:5)
  22 wolves
  8 centaurs
  3 phantoms
  Blork the orc (D:5)
  A kobold brigand (D:9)
  19 bullfrogs
  3 scorpions
  3 gnoll sergeants
  A burial acolyte (D:6)
  Dowan (D:5)
  4 wights
  34 killer bees
  3 electric eels
  5 howler monkeys
  2 bombardier beetles (D:5)
  A crimson imp (D:7)
  3 hounds
  16 orc priests
  3 jellies
  Crazy Yiuf (D:5)
  2 sleepcaps (D:7)
  3 iguanas
  41 orc wizards
  Ijyb (D:3)
  A centaur simulacrum (D:9)
  A howler monkey zombie (D:6)
  8 gnolls
  13 adders
  A river rat (Lair:2)
  A shadow imp (D:7)
  2 white imps
  An ufetubus (D:9)
  2 dart slugs (D:1)
  2 ribbon worms
  69 orcs
  7 ball pythons
  12 endoplasms
  4 giant cockroaches
  12 goblins
  5 hobgoblins
  9 jackals
  19 kobolds
  3 quokkas
  9 bats
  5 frilled lizards
  7 rats
804 creatures vanquished.

Vanquished Creatures (others)
  2 alligators (Swamp:3)
  3 bloated husks
  A swamp worm (Swamp:3)
  A swamp drake (Swamp:1)
  A human (D:6)
  2 orc wizards (Orc:2)
10 creatures vanquished.

Grand Total: 814 creatures vanquished

Notes
Turn   | Place    | Note
-------+----------+-------------------------------------------
     0 | D:1      | James the Octopode Shapeshifter began the quest for the
                  | Orb.
     0 | D:1      | Reached XP level 1. HP: 13/13 MP: 1/1
   131 | D:1      | Reached XP level 2. HP: 18/18 MP: 2/2
   380 | D:1      | Reached skill level 4 in Unarmed Combat
   509 | D:1      | Reached XP level 3. HP: 23/23 MP: 3/3
  1010 | D:2      | Reached XP level 4. HP: 23/30 MP: 4/4
  1266 | D:2      | Reached skill level 1 in Stealth
  1809 | D:2      | Reached XP level 5. HP: 29/36 MP: 5/5
  2230 | D:3      | Found Fuquta's Assorted Antiques.
  2433 | D:3      | Noticed Ijyb
  2913 | D:4      | Noticed a phantom
  3128 | D:4      | Reached skill level 5 in Unarmed Combat
  3162 | D:4      | Reached XP level 6. HP: 38/42 MP: 6/6
  3609 | D:5      | Entered Level 5 of the Dungeon
  3628 | D:5      | Noticed Duvessa
  3696 | D:5      | Noticed a black bear
  3786 | D:4      | Reached skill level 5 in Shapeshifting
  3883 | D:5      | Found a staircase to the Ecumenical Temple.
  3890 | Temple   | Entered the Ecumenical Temple
  3901 | Temple   | Became a worshipper of Elyvilon the Healer
  3953 | D:5      | Reached XP level 7. HP: 46/46 MP: 7/7
  4044 | D:5      | Noticed Blork the orc
  4049 | D:5      | Killed Blork the orc
  4080 | D:5      | Found a runed translucent door.
  4081 | D:5      | Noticed Crazy Yiuf
  4350 | D:5      | Reached XP level 8. HP: 48/52 MP: 8/8
  4421 | D:5      | Noticed Dowan
  4560 | D:5      | Reached * piety under Elyvilon
  5097 | D:6      | Found an ancient bone altar of Kikubaaqudgha.
  5652 | D:7      | Reached XP level 9. HP: 56/56 MP: 9/9
  5819 | D:7      | Found Gozag's Platinum Reserve.
  5823 | D:7      | Found an opulent altar of Gozag.
  5840 | D:7      | Reached skill level 10 in Shapeshifting
  5864 | D:7      | Reached ** piety under Elyvilon
  5878 | D:7      | Noticed a troll
  5919 | D:7      | Killed a troll
  5920 | D:7      | Reached skill level 5 in Fighting
  5920 | D:7      | Reached skill level 1 in Invocations
  5969 | D:7      | Noticed a troll
  6038 | D:7      | Killed a troll
  6039 | D:7      | Reached skill level 6 in Unarmed Combat
  6221 | D:7      | Reached skill level 7 in Unarmed Combat
  6315 | D:7      | Reached XP level 10. HP: 65/66 MP: 11/11
  6517 | D:7      | Reached skill level 8 in Unarmed Combat
  6581 | D:7      | Identified a scroll of acquirement
  6673 | D:7      | Found an ornate altar of the Wu Jian Council.
  7189 | D:3      | Killed Ijyb
  7307 | D:5      | Killed Duvessa
  7310 | D:5      | Killed Dowan
  7372 | D:5      | Killed Crazy Yiuf
  7838 | D:8      | Noticed Jeremiah
  8033 | D:8      | Found a staircase to the Lair.
  8125 | D:8      | Found an iron altar of Okawaru.
  8206 | D:8      | Killed Jeremiah
  8242 | D:8      | Found a burning altar of Makhleb.
  8294 | D:8      | Reached *** piety under Elyvilon
  8361 | D:9      | Noticed a two-headed ogre
  8377 | D:9      | Killed a two-headed ogre
  8378 | D:9      | Reached skill level 9 in Unarmed Combat
  8413 | D:9      | Found Iggi's Magic Scroll Shoppe.
  8859 | D:9      | Reached **** piety under Elyvilon
  8873 | D:9      | Reached XP level 11. HP: 77/77 MP: 14/14
  8906 | D:9      | Found Vaun's Serpentskin Sales.
  8996 | D:9      | Reached skill level 5 in Invocations
  9436 | D:9      | Reached skill level 5 in Stealth
  9630 | D:10     | Entered Level 10 of the Dungeon
  9661 | D:10     | Found a sparkling altar of Nemelex Xobeh.
  9867 | D:10     | Noticed Sonja
  9934 | D:10     | Found a staircase to the Orcish Mines.
  9979 | D:10     | Noticed a two-headed ogre
  9987 | D:10     | Killed a two-headed ogre
 10053 | D:10     | Reached skill level 10 in Unarmed Combat
 10201 | D:10     | Noticed a two-headed ogre
 10208 | D:10     | Killed a two-headed ogre
 10343 | D:10     | Found Leaxt's Antique Weapon Shop.
 10386 | D:10     | Found Soig's General Store.
 10957 | D:11     | Found an ancient bone altar of Kikubaaqudgha.
 10984 | D:11     | Noticed Erolcha
 11016 | D:11     | Noticed a boulder beetle
 11024 | D:11     | Killed a boulder beetle
 11055 | D:11     | Noticed a two-headed ogre
 11065 | D:11     | Killed a two-headed ogre
 11066 | D:11     | Reached skill level 11 in Unarmed Combat
 11140 | D:11     | Reached ***** piety under Elyvilon
 11245 | D:11     | Noticed a cyclops
 11256 | D:11     | Killed a cyclops
 11257 | D:11     | Reached XP level 12. HP: 82/82 MP: 17/17
 11650 | Lair:1   | Entered Level 1 of the Lair of Beasts
 11657 | Lair:1   | Reached skill level 12 in Unarmed Combat
 11951 | Lair:1   | Noticed a six-headed hydra
 11961 | Lair:1   | HP: 5/100 [six-headed hydra (6)]
 11965 | Lair:1   | Killed a six-headed hydra
 12126 | Lair:1   | Reached skill level 5 in Dodging
 12389 | Lair:1   | Noticed Joseph
 12532 | Lair:1   | Reached skill level 10 in Fighting
 12865 | Lair:2   | HP: 4/104 [queen bee (3)]
 13363 | Lair:2   | Reached skill level 10 in Invocations
 13382 | Lair:2   | Reached XP level 13. HP: 49/92 MP: 20/20
 13712 | Lair:2   | Found a hole to the Spider Nest.
 14213 | Lair:2   | Acquired the ring of Utitast {rElec rF++ Will- Str+6
                  | Stlth+}
 14332 | Lair:3   | Found a staircase to the Swamp.
 15343 | Lair:4   | Reached ****** piety under Elyvilon
 16156 | Lair:5   | Entered Level 5 of the Lair of Beasts
 16193 | Lair:5   | Reached XP level 14. HP: 29/99 MP: 23/23
 16984 | Lair:5   | Noticed Urug
 17098 | Lair:5   | Killed Urug
 17099 | Lair:5   | Reached skill level 10 in Dodging
 17585 | Lair:5   | Reached skill level 13 in Unarmed Combat
 17623 | Lair:5   | HP: 6/153 [polar bear (14)]
 17986 | Lair:5   | Found a viscous altar of Jiyva.
 17987 | Lair:5   | Found a staircase to the Slime Pits.
 18269 | Lair:1   | Killed Joseph
 19076 | D:12     | Found a stormy altar of Qazlal.
 19168 | Orc:1    | Entered Level 1 of the Orcish Mines
 19760 | Orc:2    | Entered Level 2 of the Orcish Mines
 19764 | Orc:2    | Paralysed by an orc sorcerer for 4 turns
 20405 | Orc:2    | Reached XP level 15. HP: 103/103 MP: 24/24
 20477 | Orc:2    | Noticed an orc warlord
 20560 | Orc:1    | Killed an orc warlord
 20905 | Orc:2    | Paralysed by an orc sorcerer for 2 turns
 21163 | Orc:2    | Found a staircase to the Elven Halls.
 21264 | Orc:2    | Paralysed by an orc sorcerer for 3 turns
 21298 | Orc:2    | Reached skill level 14 in Unarmed Combat
 21300 | Orc:2    | Found Ivicai's Book Boutique.
 21458 | Orc:2    | Found an ancient bone altar of Kikubaaqudgha.
 21458 | Orc:2    | Noticed Nergalle
 21470 | Orc:2    | Killed Nergalle
 21715 | Orc:2    | Found a radiant altar of Vehumet.
 21728 | Orc:2    | Found Ommear's Distillery.
 21735 | Orc:2    | Found Zoteczu's Antique Armour Shop.
 21743 | Orc:2    | Found Weoree's Distillery.
 22540 | D:13     | You fall into a shaft and drop 2 floors!
 22540 | D:15     | Entered Level 15 of the Dungeon
 22587 | D:15     | Found a staircase to the Depths.
 22711 | D:15     | Reached skill level 15 in Unarmed Combat
 23634 | D:14     | Found Veczyjyc's Book Shop.
 23641 | D:14     | Found a transporter.
 23693 | D:14     | Reached skill level 10 in Stealth
 23736 | D:14     | Found a transporter.
 24070 | D:13     | Found a gate to the Vaults.
 24946 | D:15     | Reached XP level 16. HP: 111/111 MP: 25/25
 25668 | Swamp:1  | Entered Level 1 of the Swamp
 26644 | Swamp:1  | HP: 5/170 [six-headed hydra (12)]
 26646 | Swamp:1  | HP: 1/170 [six-headed hydra (4)]
 26989 | Swamp:2  | Found a basalt altar of Yredelemnul.
 27617 | Swamp:3  | Noticed a tentacled monstrosity
 27880 | Swamp:3  | Noticed a thorn hunter
 27974 | Swamp:3  | Noticed a fenstrider witch
 27978 | Swamp:3  | Paralysed by a fenstrider witch for 2 turns
 27978 | Swamp:3  | Identified the +5 long sword of Famine {freeze, rF+ Int+2}
 27986 | Swamp:3  | Killed a fenstrider witch
 28089 | Swamp:3  | Killed a tentacled monstrosity
 28370 | Swamp:3  | Killed a thorn hunter
 29018 | Spider:1 | Entered Level 1 of the Spider Nest
 29106 | Spider:1 | HP: 3/136 [pharaoh ant (6)]
 29106 | Spider:1 | Elyvilon protects you from harm!
 29106 | Spider:1 | Elyvilon protects you from harm!
 29107 | Spider:1 | Elyvilon protects you from harm!
 29108 | Spider:1 | Mangled by a pharaoh ant

Illustrated notes

Levels and vault maps discovered:
D:1:      dpeg_arrival_rhombus, layout_basic, kennysheep_flooded_box,
          roderic_roman_lattice, minmay_misc_feat_enclosed, minivault_25
D:2:      minmay_chambers_of_ones, layout_rooms, grunt_decor_junction
D:3:      minmay_door_path, layout_loops_ring, serial_shops, shop_coins,
          uniq_ijyb
D:4:      kennysheep_spiral_hall, layout_basic
D:5:      layout_loops_corners, minmay_temple_entry_overgrown, uniq_duvessa,
          uniq_blork_the_orc, uniq_crazy_yiuf_cottage
D:6:      layout_loops_ring, tgw_kikubaaqudgha
D:7:      cheibrodos_fzero, layout_basic, mainiacjoe_overflow_cross_hatched,
          nicolae_gozag_zags_fifth_avenue, kennysheep_pointless_box,
          minmay_misc_feat_doors, kennysheep_opposing_triangles
D:8:      layout_rooms, okawaru_humans, makhleb_grotto_becter,
          due_lair_maze_entry_diamond, uniq_jeremiah
D:9:      layout_long_grid, serial_ice, serial_ice_a, serial_ice_k,
          serial_ice_d, serial_ice_g, serial_shops, shop, grunt_ministairs_1,
          guppyfry_shop_venom
D:10:     layout_loops_ring, nemelex_xobeh_ov_fountains_minmay,
          hiddenorc1_lemuel, serial_shops, nicolae_shop_window_shopping,
          kennysheep_mini, uniq_sonja
D:11:     layout_loops_ring, kiku_gazebo_pond_becter, uniq_erolcha
D:12:     layout_loops_ring, nicolae_qazlal_eye_of_the_storm
D:13:     layout_gridville, skrybe_vaults_entry_preservation
D:14:     gammafunk_beogh_shrine, layout_basic, serial_shops, shop,
          nicolae_hexahallways
D:15:     hangedman_depths_entry_try_elsewhere_first, layout_basic,
          hangedman_decor_lopped, minmay_misc_feat_diagonals
Temple:   nicolae_temple_superstar
Lair:1:   cheibrodos_lair_river_kwai, layout_chaotic_city, uniq_joseph
Lair:2:   layout_roguey [special_room_bee], spider_nest_entry_funnel_web, pond
Lair:3:   layout_big_grid, mainiacjoe_swamp_entry_lozenge_pond
Lair:4:   layout_regular_city, serial_bayou_lagoon_a,
          nicolae_lair_grove_arrangements
Lair:5:   minmay_lair_end_enchanted_forest, layout_cave_shapes, slime_entry_2,
          uniq_urug
Swamp:1:  layout_basic_swamp, evilmike_swamp_ruin_house_2, swamp_pool_4,
          nicolae_swamp_snake_nest, infiniplex_staircase_pool
Swamp:2:  layout_falls_marsh, hangedman_swamp_ruin_wall, swamp_pool_1_2,
          lemuel_altar_in_water
Swamp:3:  layout_basic_swamp, evilmike_swamp_ruin_rubble_2, swamp_pool_1_2
Spider:1: nicolae_spider_obnoxious_hallway
Orc:1:    layout_diamond_mine, nicolae_orc_tapped_out
Orc:2:    kennysheep_orc_mage_school, layout_diamond_mine,
          guppyfry_orc_lava_fort

Skill      XL: |  1  2  3  4  5  6  7  8  9 10 11 12 13 14 15 16 |
---------------+-------------------------------------------------+-----
Unarmed Combat | 4 5 7 9 11 12 13 15 | 15.9
Fighting       | 2 3 5 8 10 12 | 12.0
Stealth        | 2 3 5 6 10 | 10.0
Shapeshifting  | 5 7 9 10 11 13 | 13.0
Invocations    | 2 4 7 10 13 14 | 14.0
Dodging        | 4 5 6 10 12 | 12.0

Action                     |  1- 3 |  4- 6 |  7- 9 | 10-12 | 13-15 | 16-18 || total
---------------------------+-------+-------+-------+-------+-------+-------++-------
  Melee: Unarmed           |    58 |   141 |   181 |   547 |  1100 |   296 ||  2323
         Constrict         |    15 |    28 |    46 |   128 |   216 |    71 ||   504
         Tentacles         |    10 |    23 |    17 |       |       |       ||    50
         Punch             |       |     3 |     4 |       |       |       ||     7
 Invoke: Heal Other        |       |       |     1 |       |       |       ||     1
         Heal Self         |       |       |       |     2 |    10 |     7 ||    19
         Divine Vigour     |       |       |       |       |     3 |     3 ||     6
         Purification      |       |       |       |       |     1 |       ||     1
  Evoke: Wand              |       |       |       |     8 |       |     1 ||     9
    Use: Scroll            |       |    16 |     4 |     6 |     5 |     3 ||    34
         Potion            |       |       |       |     2 |     1 |       ||     3
   Stab: Sleeping          |    10 |     9 |     7 |    10 |    19 |    12 ||    67
         Distracted        |       |     1 |       |       |     2 |     3 ||     6
 Armour: Skin              |    19 |    56 |   145 |   412 |   775 |   347 ||  1754
  Dodge: Dodged            |    21 |    76 |   102 |   247 |   636 |   294 ||  1376
   Form: Serpent           |       |       |     1 |       |       |       ||     1
